 Dungeon Crawl Stone Soup version 0.25-a0-105-g2289b3b9f1 (webtiles) character file.

Game seed: 16640202992598252330, levelgen mode: deterministic

2425 MrRokkomies the Jinx (level 9, -1/57 HPs)
             Began as a Vampire Enchanter on Nov 16, 2019.
             Was a Believer of Sif Muna.
             Slain by a death yak (19 damage)
             ... on level 8 of the Dungeon.
             The game lasted 00:22:26 (5305 turns).

MrRokkomies the Jinx (Vampire Enchanter)            Turns: 5305, Time: 00:22:27

Health: -1/57      AC:  7    Str:  7    XL:     9   Next: 24%
Magic:  11/12      EV: 13    Int: 20    God:    Sif Muna [**....]
Gold:   351        SH:  0    Dex: 15    Spells: 1/12 levels left

rFire    . . .     SeeInvis +   A - +1 short sword (venom)
rCold    . . .     Gourm    .   (no shield)
rNeg     . . .     Faith    .   b - +0 robe
rPois    .         Spirit   .   u - +2 helmet
rElec    .         Reflect  .   y - +0 cloak
rCorr    .         Harm     .   c - +0 pair of gloves
MR       .....                  (no boots)
Stlth    ++++......             r - amulet of the acrobat
HPRegen  0.39/turn              (no ring)
MPRegen  0.13/turn              (no ring)

@: regenerating quickly
A: no food, fangs 3, see invisible, unbreathing
a: Exsanguinate, Channel Magic, Renounce Religion


You were on level 8 of the Dungeon.
You worshipped Sif Muna.
Sif Muna was pleased with you.
You were alive.

You visited 2 branches of the dungeon, and saw 8 of its levels.

You collected 351 gold pieces.

Inventory:

Hand Weapons
 a - a +2 dagger of draining
 A - a +1 short sword of venom (weapon)
Missiles
 d - 229 stones
 e - 11 boomerangs (quivered)
Armour
 b - a +0 robe (worn)
 c - a +0 pair of gloves (worn)
 u - a +2 helmet (worn)
 y - a +0 cloak (worn)
Jewellery
 r - an amulet of the acrobat (around neck)
 t - an uncursed ring of ice
Wands
 h - a wand of paralysis (8)
 v - a wand of random effects (10)
 x - a wand of flame (29)
Scrolls
 j - a scroll of teleportation
 l - a scroll of fog
 n - 2 scrolls of enchant weapon
 q - a scroll of amnesia
Potions
 f - a potion of flight
 g - 2 potions of brilliance
 m - 4 potions of curing
 p - 2 potions of berserk rage
 s - a potion of cancellation
 w - a potion of lignification
 z - a potion of heal wounds


   Skills:
 * Level 8.7 Short Blades
 - Level 2.1 Dodging
 + Level 9.7 Stealth
 - Level 2.0 Spellcasting
 * Level 11.8 Hexes


You had one spell level left.
You knew the following spells:

 Your Spells              Type           Power        Failure   Level  Hunger
a - Confusing Touch       Hex            #####.       1%          1    N/A
b - Ensorcelled Hibernat  Hex/Ice        ####..       2%          2    N/A
c - Confuse               Hex            #####...     1%          3    N/A
d - Tukima's Dance        Hex            #####...     1%          3    N/A
e - Blink                 Tloc           N/A          24%         2    N/A

Your spell library contained the following spells:

 Spells                   Type           Power        Failure   Level  Hunger
 Corona                   Hex            #####..      1%          1    N/A
 Animate Skeleton         Necr           N/A          16%         1    N/A
 Apportation              Tloc           #.....       16%         1    N/A
 Magic Dart               Conj           #...         16%         1    N/A
 Summon Small Mammal      Summ           #...         16%         1    N/A
 Slow                     Hex            #####...     1%          2    N/A
 Dazzling Spray           Conj/Hex       ####..       4%          3    N/A
 Fulminant Prism          Conj/Hex       ####......   14%         4    N/A
 Call Imp                 Summ           #.......     24%         2    N/A
 Searing Ray              Conj           #.....       24%         2    N/A
 Conjure Flame            Conj/Fire      #.......     43%         3    N/A
 Mephitic Cloud           Conj/Pois/Air  #.......     43%         3    N/A
 Force Lance              Conj/Tloc      #.......     83%         4    N/A
 Iskenderun's Mystic Bla  Conj           #.......     83%         4    N/A

Dungeon Overview and Level Annotations

Branches:
Dungeon (8/15)             Temple (1/1) D:4            Lair (0/6) D:8

Altars:
Ashenzari
Cheibriados
Dithmenos
Elyvilon
Gozag
Hepliaklqana
Kikubaaqudgha
Makhleb
Nemelex Xobeh
Okawaru
Qazlal
Ru
Sif Muna
Trog
Uskayaw
Vehumet
Wu Jian
Xom
Yredelemnul
Zin
The Shining One

Annotations:
D:7 2 transporters


Innate Abilities, Weirdness & Mutations

You do not eat.
Your natural rate of healing is unusually fast.
You have razor-sharp teeth.
You have supernaturally acute eyesight. (SInv)
You can survive without breathing.


Message History

The death yak is heavily wounded.
The death yak gores you!!
You hear a bellow!
You are too injured to fight recklessly!
You are too injured to fight recklessly!
You hit the death yak but do no damage.
The death yak is heavily wounded.
You hit the death yak but do no damage.
The death yak is heavily wounded.
You hit the death yak but do no damage.
The death yak is heavily wounded.
The death yak gores you!
* * * LOW HITPOINT WARNING * * *
You hit the death yak but do no damage.
The death yak appears confused.
The death yak is heavily wounded.
You hit the death yak.
The death yak looks as sick as possible!
The death yak is heavily wounded.
The death yak gores you!!
You die...

.. .. ..# .. .. . .. Y. ##.#.#
YY .. #.# ... )# #.# ## ...
####.# #.# .# ... #.Y@.#
#.###.# ###Y##########Y####
#..#..# .......Y.....(.#
###.....# ##.##.##########
#.....# #.### ####.##..#
#...########....##.†#
#._..........#####..# ###
#...##############..#####..#
#####.##..!...................#


You could see 2 death yaks.

Vanquished Creatures
  2 hippogriffs (D:7)
  A yak (D:7)
  3 hogs (D:7)
  A human (D:7)
  A hornet zombie (D:7)
  A sky beast (D:6)
  An ogre (D:4)
  A centaur (D:8)
  2 bullfrogs
  3 scorpions
  5 orc wizards
  A hound (D:6)
  3 orc priests (D:7)
  A jelly (D:6)
  5 worker ants
  A hound skeleton (D:4)
  2 gnolls (D:2)
  4 adders
  A shadow imp (D:6)
  An adder zombie (D:6)
  2 worms (D:4)
  A dart slug (D:1)
  5 leopard geckos
  18 orcs
  7 bats
  10 giant cockroaches
  7 goblins
  13 hobgoblins
  7 jackals
  5 kobolds
  5 quokkas
  2 ball pythons
  9 frilled lizards
  A jackal skeleton (D:4)
  A quokka skeleton (D:4)
  10 rats
143 creatures vanquished.

Vanquished Creatures (collateral kills)
  3 ogres
  2 orcs (D:7)
5 creatures vanquished.

Grand Total: 148 creatures vanquished

Notes
Turn   | Place    | Note
-------+----------+-------------------------------------------
     0 | D:1      | MrRokkomies the Vampire Enchanter began the quest for the
                  | Orb.
     0 | D:1      | Reached XP level 1. HP: 13/13 MP: 3/3
   109 | D:1      | Reached XP level 2. HP: 19/19 MP: 5/5
   300 | D:1      | Reached skill level 5 in Hexes
   314 | D:1      | Learned a level 2 spell: Ensorcelled Hibernation
   477 | D:1      | Reached XP level 3. HP: 24/24 MP: 6/6
   781 | D:1      | Reached skill level 5 in Stealth
  1573 | D:2      | Reached XP level 4. HP: 30/30 MP: 4/7
  1886 | D:2      | Learned a level 3 spell: Confuse
  2204 | D:3      | Noticed a bullfrog
  2256 | D:3      | Killed a bullfrog
  2256 | D:3      | Reached skill level 6 in Hexes
  2256 | D:3      | Reached XP level 5. HP: 5/35 MP: 1/8
  2670 | D:3      | Reached skill level 7 in Hexes
  3011 | D:4      | Reached XP level 6. HP: 39/41 MP: 9/9
  3014 | D:4      | Found a staircase to the Ecumenical Temple.
  3021 | Temple   | Entered the Ecumenical Temple
  3092 | Temple   | Became a worshipper of Sif Muna the Loreminder
  3125 | D:4      | Learned a level 3 spell: Tukima's Dance
  3339 | D:4      | Reached skill level 5 in Short Blades
  3438 | D:4      | You fall into a shaft and drop 2 floors!
  3452 | D:6      | Reached skill level 8 in Hexes
  3454 | D:6      | Reached XP level 7. HP: 46/46 MP: 5/10
  3554 | D:6      | Reached * piety under Sif Muna
  4025 | D:6      | Reached skill level 9 in Hexes
  4255 | D:7      | Noticed a hippogriff
  4297 | D:7      | Killed a hippogriff
  4297 | D:7      | Reached XP level 8. HP: 52/52 MP: 4/11
  4510 | D:7      | Noticed a hippogriff
  4512 | D:7      | Killed a hippogriff
  4512 | D:7      | Reached skill level 10 in Hexes
  4576 | D:7      | Learned a level 1 spell: Confusing Touch
  4699 | D:7      | Found a transporter.
  4767 | D:7      | Found a transporter.
  4815 | D:7      | Learned a level 2 spell: Blink
  4905 | D:7      | Reached skill level 11 in Hexes
  4913 | D:7      | Reached XP level 9. HP: 57/57 MP: 7/12
  5143 | D:8      | Noticed a death yak
  5151 | D:8      | Reached ** piety under Sif Muna
  5157 | D:8      | Found a staircase to the Lair.
  5229 | D:8      | Found a bloodstained altar of Trog.
  5279 | D:8      | Noticed a death yak
  5280 | D:8      | Noticed a death yak
  5305 | D:8      | Slain by a death yak

Levels and vault maps discovered:
D:1:      giann_bridges, layout_loops_ring, minmay_heptomino_d4
D:2:      layout_basic
D:3:      layout_basic
D:4:      layout_loops_ring, minmay_temple_entry_slanted, minmay_misc_feat_five
D:6:      layout_basic
D:7:      gammafunk_steamed_eel, layout_basic, grunt_livestock
D:8:      layout_rooms, dpeg_lair_monsters, bloody_trog
Temple:   dpeg_three_leaves_temple

Skill      XL: |  1  2  3  4  5  6  7  8 |
---------------+-------------------------+-----
Short Blades   | 2 3 4 5 6 8 |  8.7
Hexes          | 5 6 7 8 9 11 | 11.8
Stealth        | 5 6 8 9 |  9.7
Dodging        | |  2.1
Spellcasting   | |  2.0

Action                   |  1- 3 |  4- 6 |  7- 9 || total
-------------------------+-------+-------+-------++-------
Melee: Dagger            |   171 |   205 |   180 ||   556
       Bite              |     9 |    11 |    15 ||    35
       Short sword       |       |       |     6 ||     6
Throw: Boomerang         |       |     1 |     2 ||     3
       Dart              |       |       |     3 ||     3
 Cast: Corona            |     4 |       |       ||     4
       Ensorcelled Hiber |     8 |    24 |    35 ||    67
       Tukima's Dance    |       |     2 |     3 ||     5
       Confusing Touch   |       |       |     5 ||     5
       Confuse           |       |       |     1 ||     1
  Use: Scroll            |     2 |     8 |    11 ||    21
       Potion            |       |     2 |     2 ||     4
 Stab: Sleeping          |    21 |    20 |    22 ||    63
       Distracted        |     1 |     1 |     1 ||     3
       Confused          |       |       |     6 ||     6
       Invisible         |       |       |     3 ||     3
Armor: Robe              |    42 |    47 |    13 ||   102
Dodge: Dodged            |   110 |   171 |   109 ||   390

Table legend:
 A = Non-vault XP
 B = Vault XP
 C = Vault XP percentage of total XP
 D = Non-vault monster count
 E = Vault monster count
 F = Vault count percentage of total count
                 A         B        C        D         E       F
            +---------+---------+-------+---------+---------+-------
      Total |    2482 |     983 |  28.4 |     139 |       9 |   6.1
            +---------+---------+-------+---------+---------+-------
        D:1 |      53 |       6 |  10.2 |      30 |       3 |   9.1
        D:2 |      67 |       0 |   0.0 |      17 |       0 |   0.0
        D:3 |     240 |       0 |   0.0 |      29 |       0 |   0.0
        D:4 |     347 |       0 |   0.0 |      19 |       0 |   0.0
        D:6 |     539 |       0 |   0.0 |      20 |       0 |   0.0
        D:7 |    1059 |     976 |  48.0 |      22 |       5 |  18.5
        D:8 |     177 |       1 |   0.6 |       2 |       1 |  33.3
            +---------+---------+-------+---------+---------+-------
